cohdb
Replays
Latest Replays
All Replays
Popular Replays
Top Player Replays
Match Explorer
How It Works
Community
CoH3 Stats
Reddit
Sign in to upload your games and track your stats! →
Sign in with Steam
Match 41478098
Unlisted
Match 41478098
Overview
Messages
Build Orders
End
Construct Barracks
M1 Mortar Team
Riflemen Squad
Riflemen Squad
Mechanized Support Center
Construct Motor Pool
Riflemen Squad
M8 Greyhound Armored Car
Grenade Package
Construct Medical Station
M1918 Browning Automatic Rifles
Designate Forward Repair Station
Selects Heavy Weapons
Selects Heavy Weapons
Selects Assault Carriers
Selects Halftrack Strongpoints
Engineer Squad
M1 Anti-tank Gun Team
Construct Tank Depot
M18 Hellcat Tank Destroyer
Salvage Crew
Rapid Repairs
Selects M26 Pershing Heavy Tank
M26 Pershing Heavy Tank
Improvised Armor
FireFang
Squirtle
coreygaries837
yapster
HIMYNAMEISHO
waynoss88
0
0
Comments
sign in to comment!
No comments posted yet!